AoeStats
← catchchez

Arabia

510498142Analyzed
1v1 RM · 3d ago on Oct 1, 2026· 19m 39s· 2 players
Game mode
Random Map
Map size
Tiny (2 player)
Population
200
Speed
Normal
Resources
Standard
Victory
Conquest
Starting age
Dark Age
Ending age
Imperial Age
RankedLock teamsTeams togetherTeam positionsShared explorationLock speedFull tech treeHidden civsTurbo modeCheats
Victory
Defeat
🇮🇳 Celts · India
765
+18
🇹🇷 Huns · Türkiye
812
-18
TroubleMaker
9:52 Feudal Age
8:07 Loom
10:15 Horse Collar
10:21 Double-Bit Axe
10:28 Gold Mining
11:18 Wheelbarrow
catchchez
2:01 Loom
10:26 Feudal Age
11:05 Man-at-Arms
12:10 Fletching
16:02 Double-Bit Axe
Connection lost

Rejoining the realm…

Still unreachable

The connection could not be restored.

Session expired

The server has moved on; the page needs a fresh start.